 Dungeon Crawl Stone Soup version 0.22-a0-422-g9628fc87f1 (webtiles) character file.

30 Kriby the Ducker (level 3, -4/18 HPs)
             Began as a Spriggan Gladiator on May 19, 2018.
             Engulfed by a cloud of flame (12 damage)
             ... on level 2 of the Dungeon.
             The game lasted 00:01:49 (1495 turns).

Kriby the Ducker (Spriggan Gladiator)               Turns: 1495, Time: 00:01:49

Health: -4/18      AC:  2    Str: 11    XL:     3   Next: 5%
Magic:  13/13      EV: 21    Int:  9    God:
Gold:   66         SH:  0    Dex: 17    Spells: 2/2 levels left

rFire    . . .     SeeInvis +   a - +0 quarterstaff
rCold    . . .     Gourm    .   (shield currently unavailable)
rNeg     . . .     Faith    .   b - +0 robe
rPois    .         Spirit   .   c - +0 hat
rElec    .         Reflect  .   (no cloak)
rCorr    .         Harm     .   (gloves unavailable)
MR       .....                  (boots unavailable)
Stlth    ++........             (no amulet)
HPRegen  0.06/turn              n - ring of magical power
MPRegen  0.13/turn              (no ring)

@: very quick
A: very small, unfitting armour, see invisible, herbivore, speed 3, slow
metabolism 2
a: no special abilities


You were on level 2 of the Dungeon.
You were not hungry.

You visited 1 branch of the dungeon, and saw 2 of its levels.

You collected 66 gold pieces.

Inventory:

Hand Weapons
 a - a +0 quarterstaff (weapon)
Missiles
 d - 3 throwing nets (quivered)
Armour
 b - a +0 robe (worn)
 c - a +0 hat (worn)
Jewellery
 n - a ring of magical power (left hand)
Scrolls
 e - 2 scrolls of enchant weapon {unknown}
 g - 3 scrolls of magic mapping
 h - a scroll of fear {unknown}
 j - 3 scrolls of remove curse {unknown}
 k - a scroll of identify {unknown}
 l - a scroll of enchant armour {unknown}
Potions
 i - a potion of heal wounds {unknown}
 m - a potion of curing {unknown}
Comestibles
 f - 4 rations {@e1}


   Skills:
 + Level 2.0 Fighting
 + Level 2.4 Staves
 - Level 2.0 Throwing
 * Level 5.4 Dodging


You had 2 spell levels left.
You didn't know any spells.
Your spell library was empty.

Dungeon Overview and Level Annotations

Branches:
Dungeon (2/15)

Altars:


Innate Abilities, Weirdness & Mutations

You are very small and have problems with some larger weapons.
You are too small for most types of armour.
You have supernaturally acute eyesight. (SInv)
You are a herbivore.
You cover ground extremely quickly.
You need to consume almost no food.


Message History

A ball python is nearby!
A ball python is nearby!
A ball python is nearby!
A ball python is nearby!
A ball python is nearby!
A ball python is nearby!
A ball python is nearby!
A ball python is nearby!
The worker ant twitches its antennae in your direction.
The worker ant waves its antennae.
The worker ant waves its antennae.
The worker ant waves its antennae.
The ball python is engulfed in blazing flames.
The ball python dies!
Really walk into a travel-excluded area?
You are engulfed in blazing flames.
Ouch! That really hurt!
You are engulfed in blazing flames.
Ouch! That really hurt!
You die...

**,* #.§§# *********,
*,* #§§§# *,.,,,,,,,
#.#####...#####..,,,,,,,
#...§§.....§§§.#********
#..§§§.[.(.§§§.# *,,,,
#..§§§.(...§§§.# *,,,,
#.#####...###### *,,,,
*,* #§§§# *,,,, *,*
#@§§# *,,,, *,* #.§§#
*,,,, *,****#...# *,,,,
*,,,,,....# *,,,,
*****###### *,,,, *****


There were no monsters in sight!

Vanquished Creatures
  2 dart slugs (D:1)
  5 bats (D:1)
  2 giant cockroaches (D:1)
  3 hobgoblins (D:1)
  7 frilled lizards (D:1)
  2 goblins (D:1)
  4 kobolds (D:1)
  4 rats (D:1)
29 creatures vanquished.

Vanquished Creatures (others)
  A hobgoblin (D:2)
  A ball python (D:2)
  A frilled lizard (D:2)
  A kobold (D:2)
4 creatures vanquished.

Grand Total: 33 creatures vanquished

Notes
Turn   | Place    | Note
-------+----------+-------------------------------------------
     0 | D:1      | Kriby the Spriggan Gladiator began the quest for the Orb.
     0 | D:1      | Reached XP level 1. HP: 10/10 MP: 2/2
   219 | D:1      | Reached XP level 2. HP: 8/15 MP: 3/3
   376 | D:1      | Reached skill level 5 in Dodging
   680 | D:1      | Reached XP level 3. HP: 18/18 MP: 4/4
  1495 | D:2      | Engulfed by a cloud of flame

Vault maps used:
D:1:      dpeg_arrival_tiny_k, minmay_pentomino_t2
D:2:      minitemple, first_ration, lemuel_flame_loot_1, uniq_natasha

Skill      XL: |  1  2 |
---------------+-------+-----
Dodging        | 5 |  5.4
Fighting       | 2 |  2.0
Staves         | |  2.4
Throwing       | |  2.0

Action                   || total
-------------------------++-------
Melee: Quarterstaff      ||    83
  Use: Scroll            ||     1
 Stab: Distracted        ||     2
       Sleeping          ||     6
Armor: Robe              ||     2
Dodge: Dodged            ||    74

Table legend:
 A = Spawn XP
 B = Non-spawn XP
 C = Spawn XP percentage of total XP
 D = Spawn monster count
 E = Non-spawn monster count
 F = Spawn count percentage of total count
 G = Total turns spent on level
                    A         B        C        D         E        F      G
               +---------+---------+-------+---------+---------+-------+---------
         Total |       0 |      44 |   0.0 |       0 |      29 |   0.0 |  1495
               +---------+---------+-------+---------+---------+-------+---------
           D:1 |       0 |      44 |   0.0 |       0 |      29 |   0.0 |   862
               +---------+---------+-------+---------+---------+-------+---------
